 Dungeon Crawl Stone Soup version 0.30-a0-591-g3c58d2bc28 (webtiles) character file.

Game seed: 15787261517674570092

145 cforsyth the Digger (level 5, 0/28 HPs)
             Began as a Gargoyle Earth Elementalist on Jan 4, 2023.
             Was an Initiate of Vehumet.
             Slain by a hell rat (6 damage)
             ... in a sewer.
             The game lasted 00:04:02 (2848 turns).

cforsyth the Digger (Gargoyle Earth Elementalist)   Turns: 2848, Time: 00:04:02

Health: 0/28       AC:  9    Str: 17    XL:     5   Next: 27%
Magic:  4/10       EV: 11    Int: 18    God:    Vehumet [......]
Gold:   140        SH:  0    Dex: 10    Spells: 10/11 levels left

rFire   . . .      SeeInvis .    (no weapon)
rCold   . . .      Faith    .    (no shield)
rNeg    + . .      Spirit   .    a - +0 robe
rPois   ∞          Reflect  .    (no helmet)
rElec   +          Harm     .    (no cloak)
rCorr   .          Rampage  .    (no gloves)
Will    .....                    f - +2 pair of boots
Stlth   ++                       (no amulet)
HPRegen 0.24/turn                c - +6 ring of strength
MPRegen 0.12/turn                (no ring)

@: no status effects
A: sickness immunity, AC +4, negative energy resistance 1, electricity
resistance, torment resistance 1, petrification resistance
a: Renounce Religion


You were in a sewer.
You worshipped Vehumet.
Vehumet was noncommittal.
You visited 1 branch of the dungeon, and saw 4 of its levels.
You also visited: Sewer.

You collected 140 gold pieces.

Inventory:

Armour
 a - a +0 robe (worn)
 f - a +2 pair of boots (worn)
Jewellery
 c - a +6 ring of strength (left hand)
 e - a ring of see invisible
Wands
 l - a wand of iceblast (6)
 m - a wand of acid (6)
 o - a wand of flame (28)
Scrolls
 h - a scroll of identify {unknown}
 i - 2 scrolls of teleportation {unknown}
 j - a scroll of enchant weapon {unknown}
 n - a scroll of enchant armour {unknown}
 r - a scroll of magic mapping {unknown}
 s - a scroll of fear {unknown}
Potions
 b - a potion of magic
 d - a potion of flight {unknown}
 g - a potion of brilliance {unknown}
 k - 3 potions of mutation {unknown}
 p - a potion of resistance {unknown}
 q - a potion of haste {unknown}


   Skills:
 - Level 1.5 Dodging
 - Level 2.1 Stealth
 + Level 3.7 Spellcasting
 - Level 0.7 Transmutations
 + Level 5.5 Earth Magic


You had 10 spell levels left.
You knew the following spells:

 Your Spells              Type           Power      Damage    Failure   Level
a - Sandblast             Erth           46%        2d11      1%          1

Your spell library contained the following spells:

 Spells                   Type           Power      Damage    Failure   Level
 Passwall                 Tmut/Erth      11%        N/A       6%          2
 Stone Arrow              Conj/Erth      26%        3d8       14%         3
 Blink                    Tloc           6%         N/A       22%         2
 Momentum Strike          Conj/Tloc      6%         3d8       22%         2
 Poisonous Vapours        Pois/Air       6%         N/A       22%         2
 Petrify                  Tmut/Erth      14%        N/A       38%         4
 Lesser Beckoning         Tloc           6%         N/A       41%         3
 Mephitic Cloud           Conj/Pois/Air  3%         N/A       41%         3
 Tukima's Dance           Hex            3%         N/A       41%         3
 Passage of Golubria      Tloc           3%         N/A       83%         4
 Yara's Violent Unravell  Hex/Tmut       2%         3d3       98%         5
 Cigotuvi's Dreadful Rot  Necr/Pois/Air  Unusable   N/A       N/A         2

Dungeon Overview and Level Annotations

Branches:
Dungeon (4/15)              Sewer (1/1)
 Temple: D:4-7

Altars:
Dithmenos
Vehumet

Annotations:
D:3 Grinder


Innate Abilities, Weirdness & Mutations

You are immune to sickness and miasma.
Your stone body is resilient. (AC +4)
You are immune to poison.
You resist negative energy. (rN+)
You are resistant to electric shocks. (rElec)
You are resistant to unholy torment.
You are immune to petrification.


Message History

The blast of sand hits the river rat but does no damage.
The blast of sand hits the river rat.
The river rat is lightly wounded.
The blast of sand hits the river rat.
The river rat is lightly wounded.
The river rat bites you but does no damage.
The river rat barely misses you.
The blast of sand hits the river rat!
You kill the river rat!
Vehumet accepts your kill.
You enter the shallow water.
Moving in this stuff is going to be slow.
You open the door.
A hell rat comes into view.
Found six items.
Found a gate leading back out of this place.
The hell rat roars deafeningly!
The blast of sand hits the hell rat!
The hell rat is heavily wounded.
The blast of sand hits the hell rat but does no damage.
The hell rat is heavily wounded.
The blast of sand hits the hell rat but does no damage.
The hell rat is heavily wounded.
The hell rat bites you but does no damage.
The hell rat completely misses you.
The blast of sand hits the hell rat but does no damage.
The hell rat is heavily wounded.
The hell rat barely misses you. The hell rat bites you!
The blast of sand hits the hell rat but does no damage.
The hell rat is heavily wounded.
The hell rat bites you.
The hell rat bites you but does no damage.
The blast of sand misses the hell rat.
The hell rat closely misses you.
The blast of sand hits the hell rat but does no damage.
The hell rat is heavily wounded.
The hell rat bites you!
Ouch! That really hurt!
* * * LOW HITPOINT WARNING * * *
The hell rat bites you.
You die...

###..~###
#.~~~~.~#
##...†...##
#.~.###†..#
##~.## ##..##
#~..#.. #~†~#
#†~##!~~##†.#
#†~#?!~~.#~~#
#∩∩#∩?~~~r@.#
#~~#?!~~~#~~#
#.~##?~~ #.~#
#~~.#~~ .~~#
##.~## ~~##
#~~. ...#
##~~~ .~##
~~~.~~.


You could see a hell rat.

Vanquished Creatures
  A hound (D:4)
  2 river rats (Sewer)
  2 adders (D:2)
  A white imp (D:4)
  A worm (D:3)
  A dart slug (D:3)
  9 bats
  3 endoplasms
  4 giant cockroaches
  4 goblins
  4 hobgoblins
  7 jackals
  2 quokkas (D:2)
  8 ball pythons
  3 frilled lizards (D:1)
  5 kobolds
  15 rats
72 creatures vanquished.

Notes
Turn   | Place    | Note
-------+----------+-------------------------------------------
     0 | D:1      | cforsyth the Gargoyle Earth Elementalist began the quest
                  | for the Orb.
     0 | D:1      | Reached XP level 1. HP: 10/10 MP: 3/3
   147 | D:1      | Reached XP level 2. HP: 15/15 MP: 3/5
   190 | D:1      | Reached skill level 4 in Earth Magic
   868 | D:2      | Reached XP level 3. HP: 19/19 MP: 5/7
  1696 | D:3      | Reached XP level 4. HP: 21/24 MP: 1/8
  1986 | D:3      | Found a radiant altar of Vehumet.
  2090 | D:3      | Became a worshipper of Vehumet
  2142 | D:3      | Noticed Grinder
  2161 | D:2      | Reached skill level 5 in Earth Magic
  2444 | D:4      | Found a shadowy altar of Dithmenos.
  2592 | D:4      | Found a glowing drain.
  2609 | D:4      | Reached XP level 5. HP: 5/28 MP: 4/10
  2664 | Sewer    | Entered a sewer
  2848 | Sewer    | Slain by a hell rat

Illustrated notes

Levels and vault maps discovered:
D:1:      dpeg_arrival_subterranean_lakeside_camping, layout_basic,
          minmay_3d_cube
D:2:      layout_basic, kennysheep_boxes
D:3:      layout_basic, mainiacjoe_overflow_paths, trog_book,
          mainiacjoe_overflow_alcove_2, minmay_stone_trees_medium, uniq_grinder
D:4:      layout_cave_pods, old_standard_altar, serial_shops, kennysheep_mini,
          cheibrodos_sewer_entry_sluice
Sewer:    sewer_hellmonk_bad_rat

Skill      XL: |  1  2  3  4 |
---------------+-------------+-----
Earth Magic    | 4 5 |  5.5
Spellcasting   | 3 |  3.7
Dodging        | |  1.5
Stealth        | |  2.1
Transmutations | |  0.7

Action                   |  1- 3 |  4- 6 || total
-------------------------+-------+-------++-------
Melee: Unarmed           |       |     3 ||     3
 Cast: Sandblast         |    57 |    49 ||   106
Armor: Robe              |     6 |    11 ||    17
Dodge: Dodged            |    14 |    13 ||    27

Table legend: (Time is in decaauts)
 A = Elapsed time spent in this place.
 B = Non-inter-level travel time spent in this place.
 C = Inter-level travel time spent in this place.
 D = Time resting spent in this place.
 E = Time spent auto-exploring this place.
 F = Levels seen in this place.
 G = Mean time per level.
                   A        B        C        D        E       F      G
               +--------+--------+--------+--------+--------+-----+--------+
         Total |   2922 |   2872 |     50 |    352 |   1964 |   5 |  584.4 |
       Dungeon |   2725 |   2675 |     50 |    306 |   1884 |   4 |  681.2 |
         Sewer |    197 |    197 |      0 |     46 |     79 |   1 |  197.0 |
               +--------+--------+--------+--------+--------+-----+--------+

Top non-repeatable levels by time:
     D:2: 1170 daAuts
     D:1: 813 daAuts
     D:3: 505 daAuts
     D:4: 237 daAuts
   Sewer: 197 daAuts
